 Dungeon Crawl Stone Soup version 0.29-a0-371-g91724d5b39 (webtiles) character file.

Game seed: 11455103184288493127

366 spaghetti the Quickloader (level 6, -13/44 HPs)
             Began as a Gnoll Wanderer on May 2, 2022.
             Was a Follower of Uskayaw.
             Mangled by an ogre
             ... wielding a +0 giant club
              (22 damage)
             ... on level 4 of the Dungeon.
             The game lasted 00:05:02 (2825 turns).

spaghetti the Quickloader (Gnoll Wanderer)          Turns: 2825, Time: 00:05:03

Health: -13/44     AC:  4    Str: 20    XL:     6   Next: 68%
Magic:  5/9        EV: 12    Int:  8    God:    Uskayaw [*.....]
Gold:   214        SH:  0    Dex: 14    Spells: 9/9 levels left

rFire   . . .      SeeInvis .   b - +0 short sword {short}
rCold   . . .      Faith    +   (no shield)
rNeg    . . .      Spirit   .   e - +0 leather armour
rPois   .          Reflect  .   (no helmet)
rElec   .          Harm     .   c - +0 cloak
rCorr   .          Rampage  .   (no gloves)
Will    .....                   (no boots)
Stlth   +++.......              h - amulet of faith {!P}
HPRegen 0.14/turn               o - +6 ring of strength
MPRegen 0.11/turn               (no ring)

@: hasted, very quick
A: fangs 1, strong nose, distributed training
a: Renounce Religion, Stomp


You were on level 4 of the Dungeon.
You worshipped Uskayaw.
Uskayaw was noncommittal.
You visited 1 branch of the dungeon, and saw 4 of its levels.

You collected 214 gold pieces.


Innate Abilities, Weirdness & Mutations

You have very sharp teeth.
Your uncanny sense of smell can sniff out nearby items.
Your experience applies equally to all skills.


   Skills:
 + Level 2.1 Fighting
 + Level 5.0 Short Blades
 + Level 2.1 Long Blades
 + Level 2.1 Axes
 + Level 2.1 Maces & Flails
 + Level 2.1 Polearms
 + Level 2.1 Staves
 + Level 2.1 Slings
 + Level 2.1 Bows
 + Level 8.8 Crossbows
 + Level 2.1 Throwing
 + Level 3.3 Armour
 + Level 3.3 Dodging
 + Level 4.6 Stealth
 + Level 2.1 Shields
 + Level 2.1 Unarmed Combat
 + Level 2.1 Spellcasting
 + Level 1.6 Conjurations
 + Level 1.6 Hexes
 + Level 1.6 Summonings
 + Level 1.6 Necromancy
 + Level 1.6 Translocations
 + Level 1.6 Transmutations
 + Level 1.6 Fire Magic
 + Level 1.6 Ice Magic
 + Level 1.6 Air Magic
 + Level 1.6 Earth Magic
 + Level 1.6 Poison Magic
 + Level 2.3 Invocations
 + Level 2.1 Evocations


You had 9 spell levels left.
You didn't know any spells.
Your spell library contained the following spells:

 Spells                   Type           Power      Damage    Failure   Level
 Pain                     Necr           12%        1d4       21%         1
 Agony                    Necr           3%         N/A       99%         5
 Excruciating Wounds      Necr           1%         N/A       99%         5

Inventory:

Hand Weapons
 a - a +2 hand crossbow {crossbow}
 b - a +0 short sword (weapon) {short}
Missiles
 g - 147 stones {throwing}
 j - 2 poisoned darts {throwing}
 u - 2 boomerangs {throwing}
Armour
 c - a +0 cloak (worn)
 e - a +0 leather armour (worn)
Jewellery
 h - an amulet of faith (around neck) {!P}
   (You found it on level 3 of the Dungeon)
 o - a +6 ring of strength (left hand)
   (You found it on level 4 of the Dungeon)
Wands
 p - a wand of flame (13)
   (You found it on level 4 of the Dungeon)
Scrolls
 d - a scroll of fear
 f - a scroll of vulnerability {unknown}
 i - a scroll of enchant weapon {unknown}
 k - 2 scrolls of amnesia {unknown}
 n - a scroll of holy word {unknown}
 r - a scroll of identify {unknown}
Potions
 l - a potion of mutation {unknown}
 m - a potion of lignification {unknown}
 q - a potion of might
 s - a potion of flight {unknown}

Dungeon Overview and Level Annotations

Branches:
Dungeon (4/15)
 Temple: D:4-7

Altars:
Kikubaaqudgha
Okawaru
Uskayaw

Shops:
D:2

* . ## ##......†.. ####
#.. #.##..........
#...##....#.#...####.)##
#...........§...##......
.....###.$§#...#.†.....
#.....##.###.........#
#....##.###........##
#.....<..##.#.......#
#@O...#.........##
##W§.##..........#
###............##
..............
.....≈≈≈...... ....≈≈≈
#.. ....≈≈♣ ..#..
....≈≈≈ ..... #♣...≈≈ #


You could see an ogre (confused) and a phantom.


Message History

No target in view!
No target in view!
No target in view!
No target in view!
No target in view!
No target in view!
An orc comes into view. It is wielding a +0 hand axe.
An orc is nearby!
You shoot a bolt. The bolt completely misses the orc.
The orc throws a boomerang.
The boomerang hits you but does no damage.
You shoot a bolt. The bolt hits the orc.
The orc throws a boomerang.
The boomerang hits you but does no damage.
You shoot a bolt. The bolt hits the orc!
You kill the orc!
No target in view!
No target in view!
No target in view!
No target in view!
No target in view!
No target in view!
No target in view!
No target in view!
No target in view!
No target in view!
No target in view!
No target in view!
No target in view!
No target in view!
No target in view!
No target in view!
No target in view!
No target in view!
No target in view!
u - 2 boomerangs {throwing}
Things that are here:
a +0 hand axe {axe}; an orc corpse You see here a quokka corpse.
A phantom comes into view.
Found a stone staircase leading up.
A phantom is nearby!
You shoot a bolt. The bolt misses the phantom.
You shoot a bolt.
The bolt hits the phantom but does no damage.
You shoot a bolt. The bolt hits the phantom.
An ogre comes into view. It is wielding a +0 giant club.
You shoot a bolt. The bolt hits the phantom.
The phantom hits you but does no damage.
You shoot a bolt.
The bolt hits the phantom but does no damage.
The phantom hits you.
The phantom blinks!
You blink. 😕 HP[-4]
You take 4 damage, and now have 40/44 hp.
Unknown command.
You are too injured to fight recklessly!
You are too injured to fight recklessly!
You are too injured to fight recklessly!
You are too injured to fight recklessly!
You are too injured to fight recklessly!
You are too injured to fight recklessly!
You are too injured to fight recklessly!
You are too injured to fight recklessly!
You are too injured to fight recklessly!
b - a +0 short sword (weapon)
{short} You closely miss the phantom.
The phantom barely misses you. The ogre misses you.
You barely miss the phantom.
The phantom hits you but does no damage.
You hit the phantom.
The ogre hits you with a +0 giant club!!
* * * LOW HITPOINT WARNING * * *
The phantom hits you!
* * * LOW HITPOINT WARNING * * *
The phantom blinks!
You blink.
You can now pass through a line of other dancers. 😨 HP[-28]
You take 28 damage, and now have 12/44 hp.
MASSIVE DAMAGE!! (PAUSE) Unknown command.
You hit the phantom but do no damage. The phantom hits you.
* * * LOW HITPOINT WARNING * * *
The phantom blinks!
You blink.
The ogre barely misses you. 😱 HP[-4]
You take 4 damage, and now have 8/44 hp.
Unknown command.
Unknown command.
Aiming: Line Pass
Press: ? - help, Dir - move target, p - phantom The ogre appears confused.
You can no longer pass through a line of other dancers. 😱 MP[-4]
You lost 4 mp, and now have 5/9 mp.
You feel yourself speed up.
The ogre hits you with a +0 giant club!!
Ouch! That really hurt!
You die...

Skill      XL: |  1  2  3  4  5  6 |
---------------+-------------------+-----
Invocations    | 1 2 |  2.3
Fighting       | 1 2 |  2.1
Long Blades    | 1 2 |  2.1
Axes           | 1 2 |  2.1
Maces & Flails | 1 2 |  2.1
Polearms       | 1 2 |  2.1
Staves         | 1 2 |  2.1
Slings         | 1 2 |  2.1
Bows           | 1 2 |  2.1
Throwing       | 1 2 |  2.1
Shields        | 1 2 |  2.1
Unarmed Combat | 1 2 |  2.1
Spellcasting   | 1 2 |  2.1
Evocations     | 1 2 |  2.1
Conjurations   | 1 |  1.6
Hexes          | 1 |  1.6
Summonings     | 1 |  1.6
Necromancy     | 1 |  1.6
Translocations | 1 |  1.6
Transmutations | 1 |  1.6
Fire Magic     | 1 |  1.6
Ice Magic      | 1 |  1.6
Air Magic      | 1 |  1.6
Earth Magic    | 1 |  1.6
Poison Magic   | 1 |  1.6
Armour         | 3 |  3.3
Dodging        | 3 |  3.3
Short Blades   | 5 |  5.0
Crossbows      | |  8.8
Stealth        | |  4.6

Action                   |  1- 3 |  4- 6 || total
-------------------------+-------+-------++-------
Melee: Short sword       |    12 |    19 ||    31
       Bite              |     1 |     2 ||     3
 Fire: Hand crossbow     |    60 |   132 ||   192
Invok: Stomp             |       |     2 ||     2
       Line Pass         |       |     2 ||     2
  Use: Potion            |       |     5 ||     5
 Stab: Paralysed         |     4 |       ||     4
Armor: Leather armour    |     6 |    16 ||    22
Dodge: Dodged            |    15 |    40 ||    55

Levels and vault maps discovered:
D:1:      dpeg_arrival_orchard, layout_basic,
          chequers_ecumenical_altar_simple_redux
D:2:      layout_basic, serial_shops, nicolae_square_shop, interstate_on_off
D:3:      layout_rooms, amcnicky_altar_gilded, mainiacjoe_overflow_alcove_2,
          chequers_garden, feat_on_display
D:4:      layout_cave_pools, elyvilon_altar_3, zin_scriptorium

Notes
Turn   | Place    | Note
-------+----------+-------------------------------------------
     0 | D:1      | spaghetti the Gnoll Wanderer began the quest for the Orb.
     0 | D:1      | spaghetti set off with the following items: a +2 hand
                  | crossbow {crossbow}, a +0 short sword {short}, a +0 cloak,
                  | a scroll of fear, a +0 leather armour
     0 | D:1      | Reached XP level 1. HP: 13/13 MP: 1/1
     0 | D:1      | magus.rc [v1.9.6]
    14 | D:1      | Found a faded altar of an unknown god.
    23 | D:1      | Prayed at the altar of an unknown god.
    23 | D:1      | Became a worshipper of Uskayaw the Reveller
    23 | D:1      | Reached * piety under Uskayaw
    26 | D:1      | Reached ** piety under Uskayaw
    35 | D:1      | Reached *** piety under Uskayaw
    37 | D:1      | Reached XP level 2. HP: 16/19 MP: 2/2
    40 | D:1      | Reached **** piety under Uskayaw
    44 | D:1      | Reached ***** piety under Uskayaw
   191 | D:1      | You fall into a shaft and drop 1 floor!
   201 | D:2      | Reached XP level 3. HP: 20/25 MP: 3/3
   202 | D:2      | You pick up a book of Pain and begin reading...
   202 | D:2      | You add the spells Pain, Agony and Excruciating Wounds to
                  | your library.
   522 | D:2      | Reached skill level 1 in Invocations
   852 | D:2      | Found Diekas's General Store.
   873 | D:2      | Reached skill level 1 in Fighting
   873 | D:2      | Reached skill level 1 in Long Blades
   873 | D:2      | Reached skill level 1 in Axes
   873 | D:2      | Reached skill level 1 in Maces & Flails
   873 | D:2      | Reached skill level 1 in Polearms
   873 | D:2      | Reached skill level 1 in Staves
   873 | D:2      | Reached skill level 1 in Slings
   873 | D:2      | Reached skill level 1 in Bows
   873 | D:2      | Reached skill level 1 in Throwing
   873 | D:2      | Reached skill level 1 in Shields
   873 | D:2      | Reached skill level 1 in Unarmed Combat
   873 | D:2      | Reached skill level 1 in Spellcasting
   873 | D:2      | Reached skill level 1 in Evocations
   992 | D:2      | Reached XP level 4. HP: 14/32 MP: 5/5
  1293 | D:3      | HP: 8/32 [something (1)]
  1296 | D:3      | HP: 3/32 [something (2)]
  1301 | D:3      | Reached skill level 1 in Conjurations
  1301 | D:3      | Reached skill level 1 in Hexes
  1301 | D:3      | Reached skill level 1 in Summonings
  1301 | D:3      | Reached skill level 1 in Necromancy
  1301 | D:3      | Reached skill level 1 in Translocations
  1301 | D:3      | Reached skill level 1 in Transmutations
  1301 | D:3      | Reached skill level 1 in Fire Magic
  1301 | D:3      | Reached skill level 1 in Ice Magic
  1301 | D:3      | Reached skill level 1 in Air Magic
  1301 | D:3      | Reached skill level 1 in Earth Magic
  1301 | D:3      | Reached skill level 1 in Poison Magic
  1748 | D:3      | Reached XP level 5. HP: 37/37 MP: 6/6
  1752 | D:3      | Found an iron altar of Okawaru.
  1841 | D:3      | Found an ancient bone altar of Kikubaaqudgha.
  2083 | D:3      | Reached skill level 3 in Armour
  2083 | D:3      | Reached skill level 3 in Dodging
  2329 | D:4      | Reached skill level 2 in Invocations
  2329 | D:4      | Reached XP level 6. HP: 34/44 MP: 4/8
  2399 | D:4      | Reached skill level 5 in Short Blades
  2537 | D:4      | Reached skill level 2 in Fighting
  2537 | D:4      | Reached skill level 2 in Long Blades
  2537 | D:4      | Reached skill level 2 in Axes
  2537 | D:4      | Reached skill level 2 in Maces & Flails
  2537 | D:4      | Reached skill level 2 in Polearms
  2537 | D:4      | Reached skill level 2 in Staves
  2537 | D:4      | Reached skill level 2 in Slings
  2537 | D:4      | Reached skill level 2 in Bows
  2537 | D:4      | Reached skill level 2 in Throwing
  2537 | D:4      | Reached skill level 2 in Shields
  2537 | D:4      | Reached skill level 2 in Unarmed Combat
  2537 | D:4      | Reached skill level 2 in Spellcasting
  2537 | D:4      | Reached skill level 2 in Evocations
  2823 | D:4      | HP: 8/44 [phantom (4)]
  2825 | D:4      | Mangled by an ogre

Vanquished Creatures
  A scorpion (D:4)
  A howler monkey (D:4)
  2 jellies (D:4)
  An orc wizard (D:3)
  7 gnolls
  2 adders
  An ufetubus (D:4)
  A worm (D:2)
  3 dart slugs
  13 orcs
  8 ball pythons
  5 endoplasms
  4 giant cockroaches
  6 goblins
  6 hobgoblins
  4 kobolds
  3 quokkas
  4 bats
  A frilled lizard (D:2)
  4 rats
77 creatures vanquished.

Table legend:
 A = Non-vault XP
 B = Vault XP
 C = Vault XP percentage of total XP
 D = Non-vault monster count
 E = Vault monster count
 F = Vault count percentage of total count
                 A         B        C        D         E       F
            +---------+---------+-------+---------+---------+-------
      Total |     523 |       0 |   0.0 |      77 |       0 |   0.0
            +---------+---------+-------+---------+---------+-------
        D:1 |      17 |       0 |   0.0 |       8 |       0 |   0.0
        D:2 |      98 |       0 |   0.0 |      26 |       0 |   0.0
        D:3 |     136 |       0 |   0.0 |      20 |       0 |   0.0
        D:4 |     272 |       0 |   0.0 |      23 |       0 |   0.0
            +---------+---------+-------+---------+---------+-------

Illustrated notes

Table legend:
 A = Kills in this place as a percentage of kills in entire the game.
 B = Kills by you in this place as a percentage of kills by you in the entire game.
 C = Kills by friends in this place as a percentage of kills by friends in the entire game.
 D = Other kills in this place as a percentage of other kills in the entire game.
 E = Experience gained in this place as a percentage of experience gained in the entire game.
 F = Experience gained in this place divided by the number of levels of this place that you have seen.
                   A       B       C       D       E      F
               +-------+-------+-------+-------+-------+----------------------
         Total | 100.0 | 100.0 |   N/A | 100.0 | 100.0 | 130.8
       Dungeon | 100.0 | 100.0 |   N/A | 100.0 | 100.0 | 130.8
               +-------+-------+-------+-------+-------+----------------------

Table legend: (Time is in decaauts)
 A = Elapsed time spent in this place.
 B = Non-inter-level travel time spent in this place.
 C = Inter-level travel time spent in this place.
 D = Time resting spent in this place.
 E = Time spent auto-exploring this place.
 F = Levels seen in this place.
 G = Mean time per level.
                   A        B        C        D        E       F      G
               +--------+--------+--------+--------+--------+-----+--------+
         Total |   2816 |   2760 |     56 |    813 |   1551 |   4 |  704.0 |
       Dungeon |   2816 |   2760 |     56 |    813 |   1551 |   4 |  704.0 |
               +--------+--------+--------+--------+--------+-----+--------+

Top non-repeatable levels by time:
     D:2: 1340 daAuts
     D:3: 712 daAuts
     D:4: 573 daAuts
     D:1: 189 daAuts
